 Dungeon Crawl Stone Soup version 0.31-a0-1612-g4aaf141004 (webtiles) character file.

Game seed: 17634751485020789566

163 voltaire321 the Sneak (level 5, -1/34 HPs)
             Began as an Octopode Earth Elementalist on Jan 9, 2024.
             Was an Initiate of Vehumet.
             Slain by Edmund
             ... wielding a +4 heavy flail
              (19 damage)
             ... on level 4 of the Dungeon.
             The game lasted 00:06:05 (2966 turns).

voltaire321 the Sneak (Octopode Earth Elementalist) Turns: 2966, Time: 00:06:05

Health: -1/34      AC:  1    Str:  9    XL:     5   Next: 44%
Magic:  7/9        EV: 14    Int: 19    God:    Vehumet [......]
Gold:   174        SH:  0    Dex: 19    Spells: 0/9 levels left

rFire   . . .        o - +6 dagger of Midwinter {drain, Str+2}
rCold   . . .        (no shield)
rNeg    . . .        (helmet restricted)
rPois   .            (no amulet)
rElec   .            h - +6 ring of dexterity
rCorr   .            (no ring)
SInv    .            (no ring)
Will    .....        (no ring)
Stlth   ++++         (no ring)
HPRegen 0.25/turn    (no ring)
MPRegen 0.11/turn    (no ring)
                     (no ring)

%: no passive effects
@: no status effects
A: almost no armour, amphibious, 8 rings, camouflage 1, gelatinous body 1,
(nimble swimmer 1), tentacles
a: Renounce Religion


You were on level 4 of the Dungeon.
You worshipped Vehumet.
Vehumet was noncommittal.
You visited 1 branch of the dungeon, and saw 4 of its levels.

You collected 174 gold pieces.

Inventory:

Hand Weapons
 o - the +6 dagger of Midwinter (weapon) {drain, Str+2}
   (You found it on level 3 of the Dungeon)

   Str+2:     It affects your strength (+2).
Jewellery
 c - a ring of fire
 h - a +6 ring of dexterity (left tentacle)
Wands
 k - a wand of iceblast (7)
Scrolls
 b - a scroll of enchant weapon {unknown}
 d - 2 scrolls of vulnerability {unknown}
 f - 2 scrolls of identify {unknown}
 l - a scroll of fear {unknown}
 m - a scroll of noise {unknown}
 n - a scroll of teleportation {unknown}
Potions
 a - a potion of magic
 e - a potion of degeneration {unknown}
 g - a potion of enlightenment {unknown}
 i - 3 potions of heal wounds {unknown}
 j - 4 potions of curing {unknown}
 p - a potion of brilliance {unknown}


   Skills:
 + Level 1.8 Fighting
 + Level 2.8 Dodging
 + Level 3.8 Stealth
 + Level 2.8 Spellcasting
 + Level 2.0 Conjurations
 + Level 3.6 Earth Magic


You couldn't memorise any spells.
You knew the following spells:

 Your Spells              Type           Power      Damage    Failure   Level
a - Sandblast             Erth           32%        2d9       3%          1
b - Searing Ray           Conj           20%        2d5       10%         2
c - Stone Arrow           Conj/Erth      26%        3d8       14%         3
d - Passwall              Erth           16%        N/A       11%         3

Your spell library contained the following spells:

 Spells                   Type           Power      Damage    Failure   Level
 Magic Dart               Conj           40%        1d5       7%          1
 Brom's Barrelling Bould  Conj/Erth      13%        2d4       43%         4
 Petrify                  Alch/Erth      9%         N/A       58%         4
 Fulminant Prism          Conj/Alch      3%         3d5       71%         4


Dungeon Overview and Level Annotations

Branches:
Dungeon (4/15)
 Temple: D:4-7

Altars:
Vehumet

Annotations:
D:4 Edmund


Innate Abilities, Weirdness & Mutations

You cannot wear most types of armour.
You are amphibious.
You can wear up to eight rings at the same time.
Your skin changes colour to match your surroundings (Stealth+).
Your rubbery body absorbs attacks. (AC +1, EV +1)
((You are camouflaged when in or above water. (Stealth+)))
You have tentacles for arms and can constrict up to eight enemies at once.


Message History

a +0 mace; 2 boomerangs; an orc corpse
There is a stone staircase leading up, spattered with blood here.
Things that are here:
a +0 short sword; an orc corpse
Things that are here:
a +0 hand axe; an orc corpse Edmund the Younger comes into view.
He is wielding a +4 heavy flail.
Found a stone staircase leading up.
The helpless Edmund fails to defend himself.
You impale Edmund!! You drain Edmund. Your grab misses Edmund.
Edmund is heavily wounded.
Edmund hits you with a +4 heavy flail!!
Ouch! That really hurt!
You puncture Edmund! You drain Edmund. You grab Edmund.
Edmund is severely wounded.
You constrict Edmund, but do no damage. Edmund closely misses you.
You hit Edmund but do no damage. You drain Edmund.
Edmund is almost dead.
You constrict Edmund. You hit Edmund but do no damage.
You squeeze Edmund, but do no damage.
Edmund is almost dead.
You constrict Edmund. Edmund closely misses you.
Aiming: Sandblast (safe; 3% risk of failure)
Press: ? - help, Q - select action, (/) - cycle Shift-Dir - straight line, f - Edmund
Aim: Edmund, wielding a +4 heavy flail and wearing a +0 scale mail (almost dead, constricted by you, heavily drained, 100% to hit)
The blast of sand hits Edmund but does no damage.
Edmund is almost dead.
You constrict Edmund. Edmund closely misses you.
Aiming: Sandblast (safe; 3% risk of failure)
Press: ? - help, Q - select action, (/) - cycle Shift-Dir - straight line, f/p - Edmund
Aim: Edmund, wielding a +4 heavy flail and wearing a +0 scale mail (almost dead, constricted by you, heavily drained, 100% to hit)
The blast of sand hits Edmund but does no damage.
Edmund is almost dead.
You constrict Edmund. Edmund barely misses you.
You hit Edmund but do no damage.
Edmund is almost dead.
You constrict Edmund, but do no damage. Edmund hits you with a +4 heavy flail!!
Ouch! That really hurt!
You die...
Edmund says, "That'll show my brother!"

.## .. < # ## .##. ##
.##. ##... # .#
...##..# ... .#
#....##..# )#
##......# <#
####....## )#
####....##@.# .#
#....##..##@...#
.######.##..##....####
.....##..##....####
.###........#### .#
########## .# .# .#


You could see Edmund (very drained).

Vanquished Creatures
  A bombardier beetle (D:2)
  2 gnolls (D:3)
  4 adders
  4 dart slugs
  5 orcs
  6 ball pythons
  2 endoplasms
  3 giant cockroaches
  3 goblins
  3 hobgoblins
  6 jackals (D:2)
  2 kobolds (D:2)
  2 quokkas (D:2)
  8 bats
  3 frilled lizards
  4 rats
58 creatures vanquished.

Notes
Turn   | Place    | Note
-------+----------+-------------------------------------------
     0 | D:1      | voltaire321 the Octopode Earth Elementalist began the quest
                  | for the Orb.
     0 | D:1      | Reached XP level 1. HP: 11/11 MP: 3/3
     9 | D:1      | Found a faded altar of an unknown god.
   384 | D:1      | Reached XP level 2. HP: 17/17 MP: 3/5
   628 | D:2      | Reached XP level 3. HP: 20/22 MP: 1/6
  1012 | D:2      | Reached skill level 1 in Fighting
  1311 | D:2      | Reached XP level 4. HP: 28/28 MP: 3/7
  1886 | D:3      | Found a radiant altar of Vehumet.
  1893 | D:3      | Became a worshipper of Vehumet
  2014 | D:3      | Reached XP level 5. HP: 33/33 MP: 4/9
  2141 | D:3      | Identified the +6 dagger of Midwinter {drain, Str+2}
  2692 | D:3      | Learned a level 2 spell: Searing Ray
  2696 | D:3      | Learned a level 3 spell: Stone Arrow
  2700 | D:3      | Learned a level 3 spell: Passwall
  2957 | D:4      | Noticed Edmund
  2966 | D:4      | Slain by Edmund

Illustrated notes

Levels and vault maps discovered:
D:1:      ldierk_walled_garden, layout_rooms, ebering_ecumenical_altar_webs
D:2:      layout_basic
D:3:      layout_basic, mainiacjoe_overflow_small_starburst
D:4:      layout_loops_cross, gammafunk_temple_overflow_elements, temple_pool_b,
          dk_noncrumbling_3, kennysheep_decorative_pillar,
          nicolae_zig_zag_zippers, uniq_edmund

Skill      XL: |  1  2  3  4  5 |
---------------+----------------+-----
Stealth        | 3 |  3.8
Fighting       | 1 |  1.8
Conjurations   | 2 |  2.0
Dodging        | |  2.8
Spellcasting   | |  2.8
Earth Magic    | |  3.6

Action                     |  1- 3 |  4- 6 || total
---------------------------+-------+-------++-------
  Melee: Whip              |     9 |     2 ||    11
         Constrict         |     4 |     4 ||     8
         Tentacles         |     3 |     1 ||     4
         Dagger            |       |    14 ||    14
   Cast: Sandblast         |    41 |    38 ||    79
   Stab: Sleeping          |       |     4 ||     4
 Armour: Skin              |    11 |    18 ||    29
  Dodge: Dodged            |    14 |    22 ||    36

Table legend: (Time is in decaauts)
 A = Elapsed time spent in this place.
 B = Non-inter-level travel time spent in this place.
 C = Inter-level travel time spent in this place.
 D = Time resting spent in this place.
 E = Time spent auto-exploring this place.
 F = Levels seen in this place.
 G = Mean time per level.
                   A        B        C        D        E       F      G
               +--------+--------+--------+--------+--------+-----+--------+
         Total |   2989 |   2931 |     58 |    664 |   1769 |   4 |  747.2 |
       Dungeon |   2989 |   2931 |     58 |    664 |   1769 |   4 |  747.2 |
               +--------+--------+--------+--------+--------+-----+--------+

Top non-repeatable levels by time:
     D:2: 1382 daAuts
     D:3: 931 daAuts
     D:1: 530 daAuts
     D:4: 145 daAuts
